| TOP OF THE 1ST |
|
Sioux Falls Packers batting - Pitching for Huron Cubs : LHP Oliver Bell
|
|
Pitching: LHP Oliver Bell
|
|
|
Batting: RHB Javier Flores
|
0-0: SINGLE (Line Drive, 9S, EV 105.0 MPH)
|
|
Batting: RHB Daniel Gausepohl
|
0-0: Called Strike Javier Flores steals 2nd base 0-1: Foul Ball, location: 2F 0-2: Foul Ball, location: 2F 0-2: Foul Ball, location: 2F 0-2: Foul Ball, location: 2F 0-2: Ball 1-2: Foul Ball, location: 2F 1-2: Foul Ball, location: 2F 1-2: Fly out, F7 (Flyball, 78M, EV 85.0 MPH)
|
|
Batting: LHB Mike Aldrete
|
0-0: Ball 1-0: Ball 2-0: Ball 3-0: Called Strike 3-1: Swinging Strike 3-2: DOUBLE (Line Drive, 89XD, EV 101.3 MPH) Javier Flores scores
|
|
Batting: RHB Ben Amaya
|
0-0: Swinging Strike 0-1: Ball 1-1: Foul Ball, location: 2F 1-2: Ground out 4-3 (Groundball, 34, EV 103.1 MPH) Mike Aldrete to third
|
|
Batting: LHB Reggie West
|
0-0: Called Strike 0-1: Swinging Strike 0-2: Ball 1-2: Strikes out looking
|
| Top of the 1st over - 1 run, 2 hits, 0 errors, 1 left on base; Sioux Falls 1 - Huron 0 |
| BOTTOM OF THE 1ST |
|
Huron Cubs batting - Pitching for Sioux Falls Packers : LHP Jose Perez
|
|
Pitching: LHP Jose Perez
|
|
|
Batting: LHB Gary Varsho
|
0-0: Swinging Strike 0-1: Called Strike 0-2: Foul Ball, location: 2F 0-2: Strikes out looking
|
|
Batting: RHB Greg Zunino
|
0-0: Called Strike 0-1: Ball 1-1: Called Strike 1-2: Ball 2-2: Reached on error, E3 (Line Drive, 3, EV 61.9 MPH)
|
|
Batting: RHB Mark Carreon
|
0-0: Foul Ball, location: 2F 0-1: Ball 1-1: Fly out, F7 (Flyball, 78M, EV 86.9 MPH)
|
|
Batting: LHB Willis Gonzalez
|
0-0: Ball 1-0: Ball 2-0: Called Strike 2-1: Ball 3-1: Ground out 6-3 (Groundball, 6M, EV 89.4 MPH)
|
| Bottom of the 1st over - 0 runs, 0 hits, 1 error, 1 left on base; Sioux Falls 1 - Huron 0 |
| TOP OF THE 2ND |
|
Sioux Falls Packers batting - Pitching for Huron Cubs : LHP Oliver Bell
|
|
Batting: RHB Kenneth Clayton
|
0-0: Called Strike 0-1: Called Strike 0-2: Ball 1-2: Ball 2-2: Ball 3-2: Strikes out swinging
|
|
Batting: RHB Ricky Jones
|
0-0: Ground out 4-3 (Groundball, 34, EV 99.4 MPH)
|
|
Batting: SHB Gary Springer
|
0-0: Ball 1-0: Ball 2-0: Called Strike 2-1: Fly out, F6 (Flyball, 6D, EV 79.4 MPH)
|
| Top of the 2nd over - 0 runs, 0 hits, 0 errors, 0 left on base; Sioux Falls 1 - Huron 0 |
| BOTTOM OF THE 2ND |
|
Huron Cubs batting - Pitching for Sioux Falls Packers : LHP Jose Perez
|
|
Batting: LHB Rob Nelson
|
0-0: Ground out U3 (Groundball, 34S, EV 87.5 MPH)
|
|
Batting: RHB Mike Stellern
|
0-0: Ball 1-0: Foul Ball, location: 2F 1-1: Fly out, F8 (Line Drive, 8RD, EV 98.1 MPH)
|
|
Batting: RHB Ray Ortega
|
0-0: Ball 1-0: Fly out, F7 (Flyball, 8LS, EV 91.3 MPH)
|
| Bottom of the 2nd over - 0 runs, 0 hits, 0 errors, 0 left on base; Sioux Falls 1 - Huron 0 |
| TOP OF THE 3RD |
|
Sioux Falls Packers batting - Pitching for Huron Cubs : LHP Oliver Bell
|
|
Batting: RHB Francisco Perez
|
0-0: Ball 1-0: Foul Ball, location: 2F 1-1: Ball 2-1: Fly out, F3 (Line Drive, 34, EV 82.5 MPH)
|
|
Batting: RHB Javier Flores
|
0-0: Ball 1-0: Called Strike 1-1: Swinging Strike 1-2: Ball 2-2: Ball 3-2: Strikes out looking
|
|
Batting: RHB Daniel Gausepohl
|
0-0: Foul Ball, location: 2F 0-1: Ball 1-1: Ground out 4-3 (Groundball, 4D, EV 108.8 MPH)
|
| Top of the 3rd over - 0 runs, 0 hits, 0 errors, 0 left on base; Sioux Falls 1 - Huron 0 |
| BOTTOM OF THE 3RD |
|
Huron Cubs batting - Pitching for Sioux Falls Packers : LHP Jose Perez
|
|
Batting: SHB Chris Pittaro
|
0-0: Called Strike 0-1: SINGLE (Line Drive, 4MD, EV 98.8 MPH)
|
|
Batting: SHB Keith Smith
|
0-0: Ball 1-0: Ball Wild Pitch! Chris Pittaro to second 2-0: Ball 3-0: Base on Balls
|
|
Batting: LHB Gary Varsho
|
0-0: Foul Ball, location: 2F 0-1: Ball 1-1: Ball 2-1: Fly out, F9 (Flyball, 9, EV 88.8 MPH)
|
|
Batting: RHB Greg Zunino
|
0-0: Foul Ball, location: 2F 0-1: Foul Ball, location: 2F 0-2: Ball 1-2: Ball 2-2: Ball 3-2: Base on Balls Chris Pittaro to third Keith Smith to second
|
|
Batting: RHB Mark Carreon
|
0-0: Foul Ball, location: 2F 0-1: Foul Ball, location: 2F 0-2: Ball 1-2: Ball 2-2: Ball 3-2: Fielders Choice at 2nd, 3-6 (Groundball, 3, EV 83.1 MPH) Chris Pittaro scores Keith Smith to third
|
|
Batting: LHB Willis Gonzalez
|
0-0: Ball 1-0: Called Strike 1-1: Ball 2-1: Swinging Strike 2-2: Fly out, F7 (Flyball, 7, EV 85.0 MPH)
|
| Bottom of the 3rd over - 1 run, 1 hit, 0 errors, 2 left on base; Sioux Falls 1 - Huron 1 |
| TOP OF THE 4TH |
|
Sioux Falls Packers batting - Pitching for Huron Cubs : LHP Oliver Bell
|
|
Batting: LHB Mike Aldrete
|
0-0: Ground out 6-3 (Groundball, 6M, EV 86.9 MPH)
|
|
Batting: RHB Ben Amaya
|
0-0: Ball 1-0: Swinging Strike 1-1: Ball 2-1: Ball 3-1: Base on Balls
|
|
Batting: LHB Reggie West
|
0-0: Swinging Strike 0-1: Ball 1-1: Fly out, F2 (Popup, 2LF, EV 90.6 MPH)
|
|
Batting: RHB Kenneth Clayton
|
0-0: Ball 1-0: Ground out 6-3 (Groundball, 56, EV 108.1 MPH)
|
| Top of the 4th over - 0 runs, 0 hits, 0 errors, 1 left on base; Sioux Falls 1 - Huron 1 |
| BOTTOM OF THE 4TH |
|
Huron Cubs batting - Pitching for Sioux Falls Packers : LHP Jose Perez
|
|
Batting: LHB Rob Nelson
|
0-0: Ball 1-0: SINGLE (Groundball, 4D, EV 94.4 MPH)
|
|
Batting: RHB Mike Stellern
|
0-0: Called Strike 0-1: Fly out, F8 (Flyball, 78D, EV 95.6 MPH)
|
|
Batting: RHB Ray Ortega
|
0-0: Called Strike 0-1: Called Strike 0-2: Ball 1-2: Ball 2-2: Foul Ball, location: 2F 2-2: Ball 3-2: Fly out, F6 (Line Drive, 6, EV 71.3 MPH)
|
|
Batting: SHB Chris Pittaro
|
0-0: SINGLE (Groundball, 56S, EV 64.4 MPH) (infield hit) Rob Nelson to second
|
|
Batting: SHB Keith Smith
|
0-0: Called Strike 0-1: Ball 1-1: SINGLE (Line Drive, 34D, EV 104.4 MPH) Rob Nelson to third Chris Pittaro to second Runner from 3rd tries for Home, SAFE, throw by RF to home
|
|
Batting: LHB Gary Varsho
|
0-0: Called Strike 0-1: Foul Ball, location: 2F 0-2: Ball 1-2: Ball 2-2: Ground out 4-3 (Groundball, 4D, EV 101.9 MPH)
|
| Bottom of the 4th over - 1 run, 3 hits, 0 errors, 2 left on base; Sioux Falls 1 - Huron 2 |
| TOP OF THE 5TH |
|
Sioux Falls Packers batting - Pitching for Huron Cubs : LHP Oliver Bell
|
|
Batting: RHB Ricky Jones
|
0-0: Fly out, F7 (Flyball, 78M, EV 94.4 MPH)
|
|
Batting: SHB Gary Springer
|
0-0: Ball 1-0: Ball 2-0: Foul Ball, location: 2F 2-1: Ball 3-1: Foul Ball, location: 2F 3-2: Foul Ball, location: 2F 3-2: Foul Ball, location: 2F 3-2: Base on Balls
|
|
Batting: RHB Francisco Perez
|
0-0: Called Strike 0-1: Foul Ball, location: 2F 0-2: Ball 1-2: Ball 2-2: Foul Ball, location: 2F 2-2: Foul Ball, location: 2F 2-2: Strikes out swinging
|
|
Batting: RHB Javier Flores
|
0-0: Called Strike 0-1: Foul Ball, location: 2F 0-2: Ground out 5-3 (Groundball, 56S, EV 65.6 MPH)
|
| Top of the 5th over - 0 runs, 0 hits, 0 errors, 1 left on base; Sioux Falls 1 - Huron 2 |
| BOTTOM OF THE 5TH |
|
Huron Cubs batting - Pitching for Sioux Falls Packers : LHP Jose Perez
|
|
Batting: RHB Greg Zunino
|
0-0: Foul Ball, location: 2F 0-1: Ball 1-1: SINGLE (Groundball, 34D, EV 102.5 MPH)
|
|
Batting: RHB Mark Carreon
|
0-0: Ball 1-0: Ball 2-0: Called Strike 2-1: Ball 3-1: Foul Ball, location: 2F 3-2: SINGLE (Line Drive, 34D, EV 96.3 MPH) Greg Zunino to second Runner from 2nd tries for 3rd, SAFE, throw by RF made to third
|
|
Batting: LHB Willis Gonzalez
|
0-0: Ball 1-0: Foul Ball, location: 2F 1-1: Ball 2-1: Fly out, F8 (Line Drive, 8LM, EV 103.1 MPH)
|
|
Batting: LHB Rob Nelson
|
0-0: Grounds into double play, 4-6-3 (Groundball, 4M, EV 86.3 MPH)
|
| Bottom of the 5th over - 0 runs, 2 hits, 0 errors, 1 left on base; Sioux Falls 1 - Huron 2 |
| TOP OF THE 6TH |
|
Sioux Falls Packers batting - Pitching for Huron Cubs : LHP Oliver Bell
|
|
Batting: RHB Daniel Gausepohl
|
0-0: Called Strike 0-1: Foul Ball, location: 9LSF, Error on foul ball, E9 0-2: Ball 1-2: Ball 2-2: Ball 3-2: TRIPLE (Line Drive, 89XD, EV 107.5 MPH)
|
|
Batting: LHB Mike Aldrete
|
0-0: Ball 1-0: Called Strike 1-1: Fly out, F9 (Flyball, 89M, EV 84.4 MPH) Runner from 3rd tags up, SCORES, throw by RF
|
|
Batting: RHB Ben Amaya
|
0-0: Foul Ball, location: 2F 0-1: Fly out, F8 (Flyball, 8RM, EV 91.3 MPH)
|
|
Batting: LHB Reggie West
|
0-0: Ground out U3 (Groundball, 3, EV 84.4 MPH)
|
| Top of the 6th over - 1 run, 1 hit, 1 error, 0 left on base; Sioux Falls 2 - Huron 2 |
| BOTTOM OF THE 6TH |
|
Huron Cubs batting - Pitching for Sioux Falls Packers : LHP Jose Perez
|
|
Batting: RHB Mike Stellern
|
0-0: Called Strike 0-1: Called Strike 0-2: Strikes out looking
|
|
Batting: RHB Ray Ortega
|
0-0: Called Strike 0-1: Called Strike 0-2: Foul Ball, location: 2F 0-2: Ball 1-2: Ball 2-2: SINGLE (Groundball, 6MD, EV 104.4 MPH)
|
|
Batting: SHB Chris Pittaro
|
0-0: Ball 1-0: Ball 2-0: Called Strike 2-1: Fly out, F9 (Flyball, 9LS, EV 87.5 MPH)
|
|
Batting: SHB Keith Smith
|
0-0: Swinging Strike 0-1: Fly out, F9 (Flyball, 89D, EV 101.9 MPH)
|
| Bottom of the 6th over - 0 runs, 1 hit, 0 errors, 1 left on base; Sioux Falls 2 - Huron 2 |
| TOP OF THE 7TH |
|
Sioux Falls Packers batting - Pitching for Huron Cubs : LHP Oliver Bell
|
|
Batting: RHB Kenneth Clayton
|
0-0: Foul Ball, location: 2F 0-1: Swinging Strike 0-2: Foul Ball, location: 2F 0-2: Ball 1-2: SINGLE (Line Drive, 56, EV 96.9 MPH)
|
|
Batting: RHB Ricky Jones
|
0-0: Foul Ball, location: 2F 0-1: Ball 1-1: Fly out, F9 (Flyball, 9, EV 91.9 MPH)
|
|
Batting: SHB Gary Springer
|
0-0: Ball 1-0: Ball 2-0: Called Strike 2-1: Ball 3-1: Fly out, F7 (Flyball, 78S, EV 73.8 MPH)
|
|
Batting: RHB Francisco Perez
|
0-0: Foul Ball, location: 2F 0-1: TRIPLE (Flyball, 7LD, EV 110.0 MPH) Kenneth Clayton scores
|
|
Batting: RHB Javier Flores
|
0-0: Fly out, F2 (Popup, 2RF, EV 93.1 MPH)
|
| Top of the 7th over - 1 run, 2 hits, 0 errors, 1 left on base; Sioux Falls 3 - Huron 2 |
| BOTTOM OF THE 7TH |
|
Huron Cubs batting - Pitching for Sioux Falls Packers : LHP Jose Perez
|
|
Batting: LHB Gary Varsho
|
0-0: Foul Ball, location: 2F 0-1: Swinging Strike 0-2: Ball 1-2: Ball 2-2: Foul Ball, location: 2F 2-2: Ground out 6-3 (Groundball, 6MD, EV 83.1 MPH)
|
|
Batting: RHB Greg Zunino
|
0-0: Foul Ball, location: 2F 0-1: Ball 1-1: Foul Ball, location: 2F 1-2: Ball 2-2: Ball 3-2: Reached on error, E4 (Groundball, 4, EV 90.0 MPH)
|
|
Batting: RHB Mark Carreon
|
0-0: Called Strike 0-1: Ball 1-1: Ball 2-1: Fly out, F8 (Flyball, 89M, EV 97.5 MPH)
|
|
Batting: LHB Willis Gonzalez
|
0-0: Ball 1-0: Ball 2-0: Ball 3-0: Base on Balls
|
|
Pinch Runner at 2nd Thomas Copeland:
|
|
|
Pinch Hitting: RHB Tony Johnson
|
0-0: Ball 1-0: Ball 2-0: Called Strike 2-1: Foul Ball, location: 2F 2-2: Strikes out swinging
|
| Bottom of the 7th over - 0 runs, 0 hits, 1 error, 2 left on base; Sioux Falls 3 - Huron 2 |
| TOP OF THE 8TH |
|
Sioux Falls Packers batting - Pitching for Huron Cubs : LHP Oliver Bell
|
|
Now in RF: Tony Johnson
|
|
|
Batting: RHB Daniel Gausepohl
|
0-0: SOLO HOME RUN (Line Drive, 8LXD, EV 100.6 MPH), Distance : 455 ft
|
|
Batting: LHB Mike Aldrete
|
0-0: Ball 1-0: Called Strike 1-1: Fly out, F7 (Flyball, 78M, EV 75.0 MPH)
|
|
Batting: RHB Ben Amaya
|
0-0: Ball 1-0: SINGLE (Groundball, 5S, EV 66.9 MPH) (infield hit)
|
|
Batting: LHB Reggie West
|
0-0: Ball 1-0: Ball 2-0: Ball 3-0: Called Strike 3-1: Foul Ball, location: 2F 3-2: Base on Balls Ben Amaya to second
|
|
Batting: RHB Kenneth Clayton
|
0-0: SINGLE (Groundball, 34D, EV 94.4 MPH) Ben Amaya to third Reggie West to second Runner from 3rd tries for Home, SAFE, throw by RF to home
|
|
Batting: RHB Ricky Jones
|
0-0: Ball 1-0: Ball Kenneth Clayton steals 2nd base Reggie West steals 3rd base 2-0: Called Strike 2-1: Swinging Strike 2-2: SINGLE (Groundball, 6M, EV 100.0 MPH) Reggie West scores Kenneth Clayton to third Runner from 3rd tries for Home, SAFE, throw by CF to home
|
|
Pitching: RHP Jose Lopez
|
|
|
Batting: SHB Gary Springer
|
0-0: Swinging Strike 0-1: Ball 1-1: Called Strike 1-2: TRIPLE (Flyball, 89XD, EV 85.6 MPH) Ricky Jones scores
|
|
Batting: RHB Francisco Perez
|
0-0: Ground out 6-3 (Groundball, 6M, EV 83.8 MPH) Gary Springer scores
|
|
Pinch Hitting: RHB Michael Schervish
|
0-0: Swinging Strike 0-1: Swinging Strike 0-2: Foul Ball, location: 2F 0-2: Ball 1-2: Fly out, F7 (Flyball, 78XD, EV 103.1 MPH)
|
| Top of the 8th over - 6 runs, 5 hits, 0 errors, 0 left on base; Sioux Falls 9 - Huron 2 |
| BOTTOM OF THE 8TH |
|
Huron Cubs batting - Pitching for Sioux Falls Packers : LHP Jose Perez
|
|
Now in LF: Michael Robbins
|
|
|
Batting: RHB Mike Stellern
|
0-0: Foul Ball, location: 2F 0-1: Foul Ball, location: 2F 0-2: Ground out 6-3 (Groundball, 6, EV 90.6 MPH)
|
|
Batting: RHB Ray Ortega
|
0-0: Ball 1-0: Ball 2-0: Foul Ball, location: 2F 2-1: Foul Ball, location: 2F 2-2: Foul Ball, location: 2F 2-2: Fly out, F8 (Flyball, 89D, EV 100.6 MPH)
|
|
Batting: SHB Chris Pittaro
|
0-0: Reached on error, E6 (Groundball, 6, EV 86.9 MPH)
|
|
Pinch Hitting: RHB Sean Toerner
|
0-0: Fly out, F3 (Popup, 3SF, EV 75.6 MPH)
|
| Bottom of the 8th over - 0 runs, 0 hits, 1 error, 1 left on base; Sioux Falls 9 - Huron 2 |
| TOP OF THE 9TH |
|
Sioux Falls Packers batting - Pitching for Huron Cubs : RHP Jose Lopez
|
|
Now at SS: Sean Toerner
|
|
|
Batting: RHB Daniel Gausepohl
|
0-0: Called Strike 0-1: Called Strike 0-2: Ball 1-2: Ground out 4-3 (Groundball, 4S, EV 89.4 MPH)
|
|
Batting: LHB Mike Aldrete
|
0-0: Ball 1-0: Called Strike 1-1: Foul Ball, location: 2F 1-2: Foul Ball, location: 2F 1-2: Strikes out swinging
|
|
Batting: RHB Ben Amaya
|
0-0: Called Strike 0-1: Called Strike 0-2: Fly out, F7 (Flyball, 7LS, EV 89.4 MPH)
|
| Top of the 9th over - 0 runs, 0 hits, 0 errors, 0 left on base; Sioux Falls 9 - Huron 2 |
| BOTTOM OF THE 9TH |
|
Huron Cubs batting - Pitching for Sioux Falls Packers : LHP Jose Perez
|
|
Pinch Hitting: RHB John Alvarez
|
0-0: Ground out 1-3 (Groundball, 15S, EV 73.1 MPH)
|
|
Batting: LHB Thomas Copeland
|
0-0: Ball 1-0: Foul Ball, location: 2F 1-1: Ball 2-1: Ground out 6-3 (Groundball, 56D, EV 105.6 MPH)
|
|
Batting: RHB Mark Carreon
|
0-0: Ball 1-0: Ball 2-0: Called Strike 2-1: Ground out 6-3 (Groundball, 6, EV 80.6 MPH)
|
| Bottom of the 9th over - 0 runs, 0 hits, 0 errors, 0 left on base; Sioux Falls 9 - Huron 2 |
|